 Dungeon Crawl Stone Soup version 0.31-a0-152-g6aa68a64a1 (webtiles) character file.

Game seed: 4759676126004223799

151 qw the Shooter (level 5, 0/32 HPs)
             Began as a Gargoyle Hunter on June 11, 2023.
             Slain by a gnoll
             ... wielding a +0 halberd
              (4 damage)
             ... on level 3 of the Dungeon.
             The game lasted 00:00:51 (1884 turns).

qw the Shooter (Gargoyle Hunter)                    Turns: 1884, Time: 00:00:51

Health: 0/32       AC:  7    Str: 14 (15) XL:     5   Next: 33%
Magic:  5/5        EV: 11    Int:  6 (9)  God:
Gold:   173        SH:  0    Dex: 14 (15) Spells: 4/4 levels left

rFire   . . .        Y - +0 shortbow
rCold   . . .        (shield currently unavailable)
rNeg    + . .        c - +0 leather armour
rPois   inf          (no helmet)
rElec   +            (no cloak)
rCorr   .            (no gloves)
SInv    +            (no boots)
Will    .....        f - amulet of faith
Stlth   +            e - ring of see invisible
HPRegen 0.25/turn    (no ring)
MPRegen 0.09/turn

%: faith
@: no status effects
A: sickness immunity, AC +4, negative energy resistance 1, electricity
resistance, torment resistance 1, petrification resistance
a: no special abilities


You were on level 3 of the Dungeon.
You visited 1 branch of the dungeon, and saw 5 of its levels.

You collected 173 gold pieces.


Innate Abilities, Weirdness & Mutations

You are immune to sickness and miasma.
Your stone body is resilient. (AC +4)
You are immune to poison.
You resist negative energy. (rN+)
You are resistant to electric shocks. (rElec)
You are resistant to unholy torment.
You are immune to petrification.


   Skills:
 + Level 3.3 Fighting
 - Level 6.0 Ranged Weapons
 - Level 1.5 Dodging
 - Level 1.1 Stealth


You had 4 spell levels left.
You didn't know any spells.
Your spell library was empty.

Inventory:

Hand Weapons
 Y - a +0 shortbow (weapon)
Armour
 c - a +0 leather armour (worn)
Jewellery
 e - a ring of see invisible (left hand)
 f - an amulet of faith (around neck)
Scrolls
 a - a scroll of enchant weapon {unknown}
 b - 2 scrolls of identify
 g - a scroll of teleportation {unknown}
Potions
 d - a potion of haste
 h - 3 potions of enlightenment {unknown}
 k - a potion of attraction {unknown}

Dungeon Overview and Level Annotations

Branches:
Dungeon (5/15)
 Temple: D:4-7

Altars:


Message History

The gnoll hits you but does no damage.
You shoot an arrow. The arrow misses the adder.
The arrow barely misses the orc.
The adder bites you but does no damage. The adder closely misses you.
The gnoll barely misses you. The adder bites you. The adder misses you.
You shoot an arrow. The arrow misses the adder.
The arrow closely misses the orc.
The gnoll closely misses you.
The adder bites you but does no damage. x2
You shoot an arrow. The arrow closely misses the adder.
The arrow hits the orc.
The orc is lightly wounded.
The adder bites you but does no damage. x2; The gnoll closely misses you.
The adder bites you.
You shoot an arrow. The arrow closely misses the adder.
The arrow hits the orc!
You kill the orc!
The adder bites you. The gnoll misses you.
The adder bites you but does no damage. The adder barely misses you.
The gnoll hits you but does no damage.
You shoot an arrow.
The arrow hits the adder but does no damage.
The adder bites you but does no damage. The adder closely misses you.
The gnoll barely misses you.
You shoot an arrow. The arrow barely misses the adder.
The arrow hits the gnoll.
The gnoll is moderately wounded.
The adder barely misses you. The adder bites you. The adder closely misses you.
The adder bites you but does no damage. The gnoll closely misses you.
You shoot an arrow. The arrow hits the adder.
The adder is lightly wounded.
The adder barely misses you. The adder bites you but does no damage.
The gnoll completely misses you.
You shoot an arrow. The arrow misses the adder.
The arrow hits the gnoll.
The gnoll is severely wounded.
The adder barely misses you. x2; The gnoll completely misses you.
The adder bites you. The adder barely misses you.
You shoot an arrow. The arrow hits the adder.
The adder is moderately wounded.
The adder bites you but does no damage. x2; The gnoll closely misses you.
You shoot an arrow. The arrow hits the adder.
The adder is heavily wounded.
The adder completely misses you. The adder closely misses you.
The gnoll hits you from afar with a +0 halberd.
You die...

..........#####.#.##
................#...
..........#######.##
.####........# #.##
...######...# #.##
##.#........# #...
#.......#...# ###.
#..g#S..#...# #.
#..gS@......# #.
#.....#.).....# #.
...#...###.....# #.
. ##.) ......# #.
#.. ......# #. #..
......# #. #..
.....# #. #.. ...#
## #


You could see 2 gnolls and 2 adders.

Vanquished Creatures
  An iguana (D:5)
  2 gnolls (D:3)
  5 adders
  3 worms
  A dart slug (D:2)
  6 orcs (D:3)
  7 ball pythons
  8 endoplasms
  A giant cockroach (D:3)
  A goblin (D:3)
  2 jackals (D:1)
  2 quokkas (D:2)
  3 bats (D:3)
  2 frilled lizards
  2 kobolds
  3 rats
49 creatures vanquished.

Notes
Turn   | Place    | Note
-------+----------+-------------------------------------------
     0 | D:1      | qw the Gargoyle Hunter began the quest for the Orb.
     0 | D:1      | Reached XP level 1. HP: 12/12 MP: 1/1
     0 | D:1      | 0 ||| qw: Version: 0.2-a-29-gdad1ea2
     0 | D:1      | 0 ||| qw: Game counter: 4044
     0 | D:1      | 0 ||| qw: Always use a shield: true
     0 | D:1      | 0 ||| qw: God list: Okawaru
     0 | D:1      | 0 ||| qw: Allow faded altars: false
     0 | D:1      | 0 ||| qw: Do Orc after D:15 true
     0 | D:1      | 0 ||| qw: Do second Lair branch before Depths: true
     0 | D:1      | 0 ||| qw: Lair rune preference: random
     0 | D:1      | 0 ||| qw: Plans: Normal, Zot:1-4, Slime:5, God:TSO, Crypt,
                  | Tomb, Abyss, Pan, Hells, Win
     0 | D:1      | 0 ||| PLANNING D:1-11
   286 | D:1      | Reached XP level 2. HP: 17/17 MP: 2/2
   505 | D:1      | 505 ||| UPGRADING to ring of see invisible.
   506 | D:1      | 506 ||| READING scroll labelled OKIXAYFOXKY.
   507 | D:1      | 507 ||| READING scroll labelled ZEESIU HETEOG.
   508 | D:1      | 508 ||| READING 3 scrolls labelled VISCHITH NIHEFI.
   509 | D:1      | 509 ||| DROPPING scroll of butterflies.
   510 | D:1      | 510 ||| DROPPING 2 scrolls of poison.
   537 | D:2      | 537 ||| STAIRDANCE
   571 | D:2      | Reached skill level 5 in Ranged Weapons
   571 | D:2      | Reached XP level 3. HP: 14/21 MP: 3/3
   854 | D:2      | Reached skill level 3 in Fighting
  1009 | D:2      | 1009 ||| UPGRADING to amulet of faith.
  1014 | D:2      | 1014 ||| DROPPING ring of flight.
  1015 | D:2      | 1015 ||| READING scroll labelled MALAJI ORAMINO.
  1016 | D:2      | 1016 ||| READING scroll labelled DEKIAN DAEVA.
  1017 | D:2      | 1017 ||| DRINKING 2 cyan potions.
  1018 | D:2      | 1018 ||| DRINKING 3 green potions.
  1019 | D:2      | 1019 ||| DROPPING 2 potions of invisibility.
  1064 | D:3      | Reached XP level 4. HP: 22/28 MP: 4/4
  1121 | D:3      | 1121 ||| FLEEEEING.
  1122 | D:3      | 1122 ||| FLEEEEING.
  1123 | D:3      | 1123 ||| FLEEEEING.
  1124 | D:3      | 1124 ||| FLEEEEING.
  1125 | D:3      | 1125 ||| FLEEEEING.
  1126 | D:3      | 1126 ||| FLEEEEING.
  1127 | D:3      | 1127 ||| FLEEEEING.
  1128 | D:3      | 1128 ||| FLEEEEING.
  1129 | D:3      | 1129 ||| FLEEEEING.
  1130 | D:3      | 1130 ||| FLEEEEING.
  1131 | D:3      | 1131 ||| FLEEEEING.
  1135 | D:3      | 1135 ||| FLEEEEING.
  1136 | D:3      | 1136 ||| FLEEEEING.
  1138 | D:3      | 1138 ||| FLEEEEING.
  1139 | D:3      | 1139 ||| FLEEEEING.
  1140 | D:3      | 1140 ||| FLEEEEING.
  1142 | D:3      | 1142 ||| FLEEEEING.
  1143 | D:3      | 1143 ||| STAIRDANCE
  1260 | D:3      | You fall into a shaft and drop 2 floors!
  1260 | D:5      | Entered Level 5 of the Dungeon
  1448 | D:4      | 1448 ||| READING scroll labelled QYETITWILO.
  1467 | D:4      | 1467 ||| DRINKING 2 purple potions.
  1468 | D:4      | 1468 ||| DROPPING potion of degeneration.
  1471 | D:4      | Found the +1 Delatra's gloves {ID++}
  1473 | D:4      | 1473 ||| FLEEEEING.
  1474 | D:4      | 1474 ||| FLEEEEING.
  1474 | D:4      | Noticed a phantom
  1475 | D:4      | 1475 ||| FLEEEEING.
  1476 | D:4      | 1476 ||| FLEEEEING.
  1477 | D:4      | 1477 ||| STAIRDANCE
  1727 | D:3      | Reached XP level 5. HP: 31/32 MP: 5/5
  1864 | D:3      | Reached skill level 6 in Ranged Weapons
  1868 | D:3      | 1868 ||| Stepping ~*~*~tactically~*~*~ (outnumbered).
  1875 | D:3      | HP: 8/32 [adder (2)]
  1880 | D:3      | HP: 4/32 [adder (1)]
  1884 | D:3      | Slain by a gnoll

Levels and vault maps discovered:
D:1:      lemuel_arrival_lava_pool, layout_loops_ring
D:2:      layout_rooms
D:3:      layout_basic
D:4:      layout_rooms
D:5:      layout_layer_cave, chequers_temple_overflow_statue_of_worship

Skill      XL: |  1  2  3  4  5 |
---------------+----------------+-----
Ranged Weapons | 5 6 |  6.0
Fighting       | 3 |  3.3
Dodging        | |  1.5
Stealth        | |  1.1

Action                     |  1- 3 |  4- 6 || total
---------------------------+-------+-------++-------
   Fire: Shortbow          |    86 |    93 ||   179
    Use: Scroll            |     5 |     1 ||     6
         Potion            |     2 |     1 ||     3
 Armour: Leather armour    |    12 |    32 ||    44
  Dodge: Dodged            |    17 |    50 ||    67

Table legend:
 A = Non-vault XP
 B = Vault XP
 C = Vault XP percentage of total XP
 D = Non-vault monster count
 E = Vault monster count
 F = Vault count percentage of total count
                 A         B        C        D         E       F
            +---------+---------+-------+---------+---------+-------
      Total |     217 |       0 |   0.0 |      49 |       0 |   0.0
            +---------+---------+-------+---------+---------+-------
        D:1 |      13 |       0 |   0.0 |       7 |       0 |   0.0
        D:2 |      65 |       0 |   0.0 |      16 |       0 |   0.0
        D:3 |      97 |       0 |   0.0 |      21 |       0 |   0.0
        D:4 |       7 |       0 |   0.0 |       4 |       0 |   0.0
        D:5 |      35 |       0 |   0.0 |       1 |       0 |   0.0
            +---------+---------+-------+---------+---------+-------
